 Dungeon Crawl Stone Soup version 0.24-a0-355-gbe4061de67 (webtiles) character file.

Game seed: 13016509934636348085

74113 MisterOstroum the Impaler (level 15, -1/85 HPs)
             Began as a Vine Stalker Skald on May 24, 2019.
             Was the Champion of Okawaru.
             Slain by a wolf spider (3 damage)
             ... on level 1 of the Spider Nest.
             The game lasted 01:37:50 (22106 turns).

MisterOstroum the Impaler (Vine Stalker Skald)     Turns: 22106, Time: 01:37:51

Health: -1/85      AC: 36    Str: 18    XL:     15   Next: 45%
Magic:  0/24       EV:  3    Int: 14    God:    Okawaru [******]
Gold:   2115       SH:  0    Dex: 15    Spells: 14/25 levels left

rFire    + . .     SeeInvis +   G - +9 halberd (elec)
rCold    + . .     Gourm    .   (shield currently unavailable)
rNeg     + . .     Faith    .   P - +9 scales of the Dragon King {rPois rF+ rC+ MR+}
rPois    +         Spirit   +   s - +0 helmet {SInv}
rElec    .         Reflect  .   Q - +2 cloak {+Inv}
rCorr    .         Harm     .   z - +2 pair of gloves
MR       ++...                  n - +1 pair of boots {run}
Stlth    ..........             (no amulet)
HPRegen  1.04/turn              j - ring of positive energy (curse)
MPRegen  0.19/turn              D - ring of wizardry

@: about to teleport, slowed, very slow
A: fangs 3, regeneration 2, magic shield, antimagic bite, no potion heal 3, rot
immunity
a: Heroism, Finesse, Renounce Religion, Evoke Invisibility


You were on level 1 of the Spider Nest.
You worshipped Okawaru.
Okawaru was exalted by your worship.
You were not hungry.

You visited 5 branches of the dungeon, and saw 20 of its levels.
You also visited: Volcano.

You collected 2115 gold pieces.

Inventory:

Hand Weapons
 x - a +2 spear of flaming
 G - a +9 halberd of electrocution (weapon)
Missiles
 g - 523 stones
 v - 8 atropa-tipped darts
 K - 11 boomerangs (quivered)
 L - 16 poisoned darts
Armour
 n - a +1 pair of boots of running (worn)
 s - a +0 helmet of see invisible (worn)
 z - a +2 pair of gloves (worn)
 B - a +0 buckler
 P - the +9 scales of the Dragon King (worn) {rPois rF+ rC+ MR+}
   (You found it on level 10 of the Dungeon)

   It protects you from fire.
   It protects you from cold.
   It protects you from poison.
   It affects your resistance to hostile enchantments.
 Q - a +2 cloak of invisibility (worn)
Jewellery
 j - a cursed ring of positive energy (left hand)
 u - an uncursed ring of protection from fire {unknown}
 y - an uncursed ring of protection from magic
 D - a ring of wizardry (right hand)
Wands
 f - a wand of paralysis (12)
 p - a wand of enslavement (10)
 t - a wand of random effects (46)
 w - a wand of flame (60)
 E - a wand of disintegration (3)
 T - a wand of polymorph (18)
 W - a wand of iceblast (12)
Scrolls
 d - 3 scrolls of teleportation {@r3 !r}
 k - 6 scrolls of fog {!r}
 l - a scroll of acquirement {unknown}
 A - 3 scrolls of enchant weapon
 C - 2 scrolls of amnesia
 R - 2 scrolls of magic mapping {@r5 !r}
 U - 4 scrolls of remove curse {@r2}
Potions
 a - a potion of ambrosia
 c - 3 potions of haste {@q4 !q}
 h - 5 potions of brilliance
 i - 3 potions of mutation {unknown}
 m - 2 potions of flight
 o - 7 potions of curing {@q1 !q}
 q - a potion of resistance
 r - 6 potions of agility
 I - 3 potions of invisibility
 M - 3 potions of might {unknown}
 N - 2 potions of cancellation {unknown}
 S - 3 potions of lignification {unknown}
 Y - 2 potions of berserk rage {unknown}
Comestibles
 b - a chunk of flesh
 e - 36 rations


   Skills:
 + Level 12.4 Fighting
 - Level 16.0 Polearms
 + Level 8.6 Armour
 - Level 1.5 Dodging
 - Level 4.5 Shields
 - Level 5.8 Spellcasting
 - Level 3.3 Hexes
 - Level 5.7 Charms
 - Level 2.0 Necromancy
 - Level 5.2 Invocations


You had 14 spell levels left.
You knew the following spells:

 Your Spells              Type           Power        Failure   Level  Hunger
a - Infusion              Chrm           ###.         71%         1    None
b - Song of Slaying       Chrm           ###.....     85%         2    #......
c - Spectral Weapon       Hex/Chrm       ###.....     99%         3    ###....
d - Regeneration          Chrm/Necr      ###.......   99%         3    ###....
e - Shroud of Golubria    Chrm/Tloc      ##........   99%         2    #......

Your spell library contained the following spells:

 Spells                   Type           Power        Failure   Level  Hunger
 Corona                   Hex            ##.....      95%         1    None
 Beastly Appendage        Tmut           #.....       100%        1    None
 Flame Tongue             Conj/Fire      #....        100%        1    None
 Corpse Rot               Necr           N/A          100%        2    #......
 Ensorcelled Hibernation  Hex/Ice        #.....       100%        2    #......
 Sticks to Snakes         Tmut           #.......     100%        2    #......
 Sublimation of Blood     Necr           #.........   100%        2    #......
 Throw Flame              Conj/Fire      #.....       100%        2    #......
 Confuse                  Hex            ##......     100%        3    ###....
 Conjure Flame            Conj/Fire      #.......     100%        3    ###....
 Dazzling Spray           Conj/Hex       #.....       100%        3    ###....
 Inner Flame              Hex/Fire       #.......     100%        3    ###....
 Spider Form              Tmut/Pois      #.........   100%        3    ###....
 Tukima's Dance           Hex            ##......     100%        3    ###....
 Ice Form                 Ice/Tmut       #.......     100%        4    ####...
 Sticky Flame             Conj/Fire      #.......     100%        4    ####...
 Agony                    Necr           #.......     100%        5    ######.
 Blade Hands              Tmut           #.........   100%        5    ######.
 Bolt of Draining         Conj/Necr      #.........   100%        5    ######.
 Dispel Undead            Necr           #.......     100%        5    ######.
 Excruciating Wounds      Chrm/Necr      ###.......   100%        5    ######.
 Fireball                 Conj/Fire      #.........   100%        5    ######.


Dungeon Overview and Level Annotations

Branches:
Dungeon (10/15)            Temple (0/1) D:6            Lair (6/6) D:9
 Shoals (1/4) Lair:4       Spider (1/4) Lair:3        Slime (0/5) Lair:5
    Orc (2/2) D:9             Elf (0/3) Orc:2

Altars:
Cheibriados
Okawaru
Qazlal
Ru
Vehumet
Yredelemnul
Jiyva

Shops:
D:5 [   D:6 :   Orc:2 %**%*

Annotations:
D:8 3 runed translucent doors, btonasse's ghost, novice HuIE
Lair:3 1 runed translucent door, Miwiyf's ghost, journeyman DDFi
Lair:5 exclusion: 4 oklob plants


Innate Abilities, Weirdness & Mutations

You have razor-sharp teeth.
You heal very quickly.
When hurt, damage is shared between your health and your magic reserves.
Your bite disrupts and absorbs the magic of your enemies.
Potions cannot restore your health.
You are immune to rotting.


Message History

The wolf spider hits you but does no damage.
The wolf spider bites you but does no damage.
The jumping spider pounces on you.
You are caught in a web!
The jumping spider bites you but does no damage.
The tarantella splashes around in the water.
The wolf spider hits you but does no damage.
The wolf spider bites you but does no damage.
The web tears apart.
The jumping spider pounces on you!
The jumping spider bites you but does no damage.
The tarantella bites you but does no damage.
The wolf spider hits you but does no damage.
The wolf spider barely misses you.
The jumping spider splashes around in the water.
The jumping spider bites you but does no damage.
The tarantella bites you but does no damage.
The wolf spider hits you.
The wolf spider bites you but does no damage.
The jumping spider pounces on you.
The jumping spider bites you but does no damage.
You slice the tarantella!!
You kill the tarantella!
Okawaru accepts your kill.
The wolf spider hits you but does no damage.
The wolf spider bites you.
The jumping spider leaps!
You enter the shallow water.
Moving in this stuff is going to be slow.
The wolf spider hits you!
The wolf spider bites you but does no damage.
The wolf spider hits you but does no damage.
The wolf spider bites you but does no damage.
The wolf spider hits you but does no damage.
The wolf spider bites you but does no damage.
The wolf spider hits you but does no damage.
The wolf spider bites you but does no damage.
The wolf spider hits you but does no damage.
The wolf spider barely misses you.
You see here a tarantella corpse.
Your unstable footing causes you to fumble your attack.
The wolf spider hits you.
The wolf spider bites you but does no damage.
The wolf spider hits you but does no damage.
The wolf spider bites you but does no damage.
The wolf spider hits you!
The wolf spider bites you but does no damage.
The jumping spider leaps!
The wolf spider hits you but does no damage.
The wolf spider splashes around in the water.
The wolf spider hits you.
The wolf spider bites you but does no damage.
You enter the shallow water.
Moving in this stuff is going to be slow.
The wolf spider hits you but does no damage.
The wolf spider bites you but does no damage.
The wolf spider hits you but does no damage.
The wolf spider barely misses you.
The wolf spider hits you but does no damage.
The wolf spider bites you but does no damage.
The wolf spider hits you but does no damage.
The wolf spider bites you.
The wolf spider hits you but does no damage.
The wolf spider bites you but does no damage.
The wolf spider barely misses you.
The wolf spider bites you but does no damage.
The jumping spider pounces on you but does no damage.
The jumping spider bites you but does no damage.
The wolf spider hits you but does no damage.
The wolf spider bites you but does no damage.
The jumping spider barely misses you.
The jumping spider bites you but does no damage.
The wolf spider hits you but does no damage.
The wolf spider bites you but does no damage.
There is a large open door here.
The jumping spider barely misses you.
The jumping spider bites you but does no damage.
The jumping spider pounces on you!
* * * LOW HITPOINT WARNING * * *
The jumping spider bites you but does no damage.
There's a creature in the doorway!
Really read
k - 6 scrolls of fog {!r}? [Y]es or [N]o only, please.
Really read
k - 6 scrolls of fog {!r}?
Okay, then.
Really read
d - 4 scrolls of teleportation {@r3 !r}?
As you read the scroll of teleportation {@r3 !r}, it crumbles to dust.
You feel strangely unstable. The wolf spider hits you!
* * * LOW HITPOINT WARNING * * *
The wolf spider bites you but does no damage.
The jumping spider pounces on you!
* * * LOW HITPOINT WARNING * * *
The jumping spider bites you but does no damage.
The wolf spider hits you!
* * * LOW HITPOINT WARNING * * *
The wolf spider bites you but does no damage.
The jumping spider pounces on you but does no damage.
The jumping spider bites you but does no damage.
The wolf spider hits you but does no damage.
The wolf spider bites you.
* * * LOW HITPOINT WARNING * * *
The wolf spider hits you.
You die...

##^..
#...##.......... #^
##.. ##.######......#
#. #. #)##≈≈##......#
#≈# ##)#≈≈≈##....###
#≈≈ #.†.≈≈# ###.##
#≈≈##### #ss≈### ###
#≈≈≈##≈###≈s≈###
#≈≈.≈.≈ssw≈.'≈###
##.≈≈≈.@s≈≈≈'≈.≈##
#≈≈≈#####.≈≈##≈.≈##
#.≈## #≈≈≈.≈#≈≈.≈#
##≈≈# #≈≈≈≈≈≈##..≈##
#.≈## #≈≈≈≈≈≈≈##..≈≈#
#≈.# ##≈≈≈≈≈≈≈##≈.##
#≈≈######≈≈≈≈≈≈#≈≈.≈#
#≈≈≈#≈#####≈≈≈####.^#
#≈.≈≈..#.##≈≈≈# #≈..#


You could see a torpor snail, 2 wolf spiders, a jumping spider, 2 tarantellas
and a redback.

Vanquished Creatures
  Rupert (Orc:2)
  Frances (Spider:1)
  Aizul (Spider:1)
  A stone giant (Orc:1)
  4 hydras
  3 catoblepae (Lair:6)
  8 two-headed ogres
  6 death yaks
  2 ogre magi
  An orc high priest (Orc:1)
  Nergalle (Lair:4)
  2 deep trolls (Orc:1)
  Pikel (D:7)
  4 orb spiders (Spider:1)
  A lindwurm (Lair:4)
  An orc knight (Orc:1)
  3 oklob plants (D:10)
  3 wolf spiders
  2 orc sorcerers (Orc:1)
  3 cyclopes (Orc:2)
  3 elephants (Lair:5)
  2 manticores (Lair:6)
  Joseph (D:7)
  4 black mambas
  13 spiny frogs
  5 demonic crawlers (Spider:1)
  3 rime drakes (Lair:5)
  3 komodo dragons
  9 trolls
  3 jumping spiders
  A polar bear (Lair:3)
  6 hornets
  10 hippogriffs
  21 blink frogs
  30 redbacks
  25 yaks
  6 fire bats (Volcano)
  A spriggan (D:9)
  5 tarantellas (Spider:1)
  2 vampires (D:9)
  A basilisk (Lair:3)
  A hungry ghost (D:7)
  6 wargs
  A floating eye (D:10)
  19 water moccasins
  14 porcupines
  4 slaves (D:7)
  13 orc warriors
  3 ice beasts
  A phantom (D:10)
  3 necrophages
  2 sky beasts
  22 ogres
  10 wolves
  5 centaurs
  14 crocodiles
  15 bullfrogs
  10 killer bees
  9 scorpions
  3 wights (D:6)
  A howler monkey (D:7)
  5 electric eels (Lair:4)
  6 crimson imps
  6 lava snakes (Volcano)
  2 bullfrog zombies
  6 hounds
  5 jellies
  A bullfrog skeleton (D:7)
  14 orc priests
  Jessica (D:3)
  2 centaur skeletons
  An iguana (D:6)
  17 orc wizards
  7 worker ants
  A killer bee zombie (D:8)
  2 hound zombies
  A worker ant zombie (D:6)
  14 adders
  11 gnolls
  3 oozes
  2 adder zombies
  3 adder skeletons
  2 worms
  4 dart slugs
  7 leopard geckos
  82 orcs
  7 bats
  6 giant cockroaches
  9 goblins
  4 hobgoblins
  23 jackals
  9 kobolds
  10 quokkas
  2 ball pythons
  A ball python zombie (D:3)
  6 frilled lizards
  2 leopard gecko zombies
  4 rats
  2 fungi
  A plant (Lair:5)
650 creatures vanquished.

Vanquished Creatures (others)
  An orb spider (Spider:1)
  10 fungi
  16 plants
  4 spectral weapons
31 creatures vanquished.

Grand Total: 681 creatures vanquished

Notes
Turn   | Place    | Note
-------+----------+-------------------------------------------
     0 | D:1      | MisterOstroum the Vine Stalker Skald began the quest for
                  | the Orb.
     0 | D:1      | Reached XP level 1. HP: 11/11 MP: 4/4
   287 | D:1      | Reached skill level 2 in Polearms
   397 | D:1      | Reached XP level 2. HP: 9/15 MP: 1/6
  1085 | D:1      | Reached XP level 3. HP: 17/19 MP: 0/7
  1902 | D:2      | Reached skill level 3 in Polearms
  1902 | D:2      | Gained mutation: Your natural rate of healing is unusually
                  | fast. [Vine Stalker growth]
  1902 | D:2      | Reached XP level 4. HP: 20/23 MP: 5/8
  2170 | D:2      | You fall into a shaft and drop 2 floors!
  2236 | D:4      | Learned a level 2 spell: Song of Slaying
  2240 | D:4      | Learned a level 3 spell: Spectral Weapon
  2336 | D:4      | Reached XP level 5. HP: 13/28 MP: 5/9
  2653 | D:4      | Reached skill level 4 in Polearms
  2653 | D:4      | Reached XP level 6. HP: 9/33 MP: 0/10
  2914 | D:4      | Reached skill level 1 in Hexes
  3007 | D:3      | Noticed Jessica
  3011 | D:3      | Killed Jessica
  3533 | D:3      | Learned a level 3 spell: Regeneration
  3751 | D:3      | Reached XP level 7. HP: 37/37 MP: 12/12
  4281 | D:3      | Found a faded altar of an unknown god.
  4639 | D:4      | Learned a level 2 spell: Shroud of Golubria
  4948 | D:4      | Reached skill level 1 in Necromancy
  5573 | D:5      | Entered Level 5 of the Dungeon
  5589 | D:5      | Gained mutation: You have razor-sharp teeth. [Vine Stalker
                  | growth]
  5589 | D:5      | Reached XP level 8. HP: 29/42 MP: 13/15
  5772 | D:5      | Found an iron altar of Okawaru.
  5780 | D:5      | Became a worshipper of Warmaster Okawaru
  5866 | D:5      | Reached skill level 5 in Charms
  5895 | D:5      | Found Xuigim's Armour Boutique.
  6390 | D:5      | Reached skill level 5 in Spellcasting
  6931 | D:6      | Found Qiutye's Book Emporium.
  7106 | D:6      | Reached skill level 5 in Fighting
  7106 | D:6      | Reached skill level 5 in Polearms
  7177 | D:6      | Found a staircase to the Ecumenical Temple.
  7313 | D:6      | Reached * piety under Okawaru
  7435 | D:6      | Reached XP level 9. HP: 37/48 MP: 10/17
  7547 | D:6      | Reached skill level 6 in Polearms
  7720 | D:6      | Reached skill level 1 in Shields
  7801 | D:7      | Noticed Pikel
  7870 | D:7      | Identified the +1 leather armour of the Desolation of Salt
                  | {+Fly rPois rC+}
  7884 | D:7      | Reached ** piety under Okawaru
  7924 | D:7      | Noticed Joseph
  7961 | D:7      | Found a sacrificial altar of Ru.
  8102 | D:7      | Killed Pikel
  8102 | D:7      | Reached *** piety under Okawaru
  8102 | D:7      | Reached skill level 7 in Polearms
  8437 | D:7      | Killed Joseph
  8437 | D:7      | Reached XP level 10. HP: 38/55 MP: 18/18
  8483 | D:7      | Identified the cursed +0 dagger "Xuerr" {drain, *Corrode
                  | rPois Dex+2 Stlth+} (You found it on level 7 of the
                  | Dungeon)
  8882 | D:8      | Reached **** piety under Okawaru
  9042 | D:8      | Found a runed translucent gate.
  9044 | D:8      | Found a runed translucent gate.
  9045 | D:8      | Found a runed translucent gate.
  9172 | D:8      | Noticed btonasse's ghost (novice HuIE)
  9328 | D:8      | Found a snail-covered altar of Cheibriados.
  9598 | D:8      | Found a basalt altar of Yredelemnul.
  9599 | D:8      | Found a stormy altar of Qazlal.
  9732 | D:9      | Reached skill level 8 in Polearms
  9834 | D:9      | Found a staircase to the Orcish Mines.
  9914 | D:9      | Found a staircase to the Lair.
 10394 | D:9      | Reached skill level 9 in Polearms
 10723 | D:9      | Found a radiant altar of Vehumet.
 10838 | D:9      | Reached ***** piety under Okawaru
 10838 | D:9      | Reached XP level 11. HP: 18/60 MP: 3/19
 10840 | D:9      | Reached skill level 10 in Polearms
 11158 | Lair:1   | Entered Level 1 of the Lair of Beasts
 11172 | Lair:1   | Got a spiked scale mail
 11173 | Lair:1   | Identified the +1 scale mail of Poegixee {rC+ MP+9 Str+3
                  | Int+3} (You found it on level 1 of the Lair of Beasts)
 11517 | Lair:1   | Noticed a five-headed hydra
 11600 | Lair:1   | Killed a five-headed hydra
 11600 | Lair:1   | Reached skill level 11 in Polearms
 12366 | Lair:2   | Received a gift from Okawaru
 12519 | Lair:2   | Reached skill level 12 in Polearms
 12786 | Lair:2   | You fall into a shaft and drop 2 floors!
 12825 | Lair:4   | Found a staircase to the Shoals.
 13022 | Shoals:1 | Entered Level 1 of the Shoals
 13022 | Shoals:1 | Noticed a sea snake
 13300 | Lair:3   | Gained mutation: You heal very quickly. [Vine Stalker
                  | growth]
 13300 | Lair:3   | Reached XP level 12. HP: 51/65 MP: 20/20
 13327 | Lair:3   | Reached skill level 13 in Polearms
 13388 | Lair:3   | Found a hole to the Spider Nest.
 13500 | Lair:3   | Noticed Miwiyf's ghost (journeyman DDFi)
 13543 | Lair:3   | Found a dark tunnel.
 13553 | Volcano  | Entered a volcano
 13951 | Volcano  | Noticed a two-headed ogre
 14180 | Lair:3   | Found a runed translucent door.
 14882 | Lair:4   | Reached skill level 14 in Polearms
 15028 | Lair:4   | Noticed Nergalle
 15040 | Lair:4   | Killed Nergalle
 15040 | Lair:4   | Reached skill level 1 in Armour
 15044 | Lair:4   | Reached skill level 1 in Invocations
 15221 | Lair:4   | Received a gift from Okawaru
 15224 | Lair:4   | Got a crystal trident {god gift}
 15230 | Lair:4   | Identified the +0 trident of MisterOstroum's Valour
                  | {antimagic, rC+ Dex+4} (Okawaru gifted it to you on level 4
                  | of the Lair of Beasts)
 15911 | Lair:5   | Noticed a five-headed hydra
 15922 | Lair:5   | Killed a five-headed hydra
 16116 | Lair:5   | Found a runed translucent door.
 16125 | Lair:5   | Found a viscous altar of Jiyva.
 16127 | Lair:5   | Found a staircase to the Slime Pits.
 16261 | Lair:5   | Noticed a four-headed hydra
 16284 | Lair:5   | Killed a four-headed hydra
 16284 | Lair:5   | Reached ****** piety under Okawaru
 16284 | Lair:5   | Received a gift from Okawaru
 16284 | Lair:5   | Reached XP level 13. HP: 44/70 MP: 12/21
 16817 | Lair:6   | Entered Level 6 of the Lair of Beasts
 17332 | Lair:6   | Received a gift from Okawaru
 17335 | Lair:6   | Reached skill level 10 in Fighting
 17341 | Lair:6   | Reached skill level 5 in Armour
 17458 | Lair:6   | Reached skill level 15 in Polearms
 18112 | Lair:6   | Reached XP level 14. HP: 77/77 MP: 20/23
 18767 | D:10     | Entered Level 10 of the Dungeon
 18903 | D:10     | Paralysed by a floating eye for 2 turns
 19095 | D:10     | Found the +9 scales of the Dragon King {rPois rF+ rC+ MR+}
 19492 | Orc:1    | Entered Level 1 of the Orcish Mines
 19507 | D:9      | Received a gift from Okawaru
 19520 | D:9      | Identified a +1 pair of boots of running (Okawaru gifted it
                  | to you on level 9 of the Dungeon)
 19845 | Orc:2    | Entered Level 2 of the Orcish Mines
 19874 | Orc:2    | Noticed Rupert
 19888 | Orc:2    | Killed Rupert
 19952 | Orc:2    | Noticed a stone giant
 20019 | Orc:1    | Killed a stone giant
 20019 | Orc:1    | Reached skill level 5 in Invocations
 20714 | Orc:2    | Found Zajar's Food Shoppe.
 20724 | Orc:2    | Found Umeress's General Store.
 20725 | Orc:2    | Found Wapirph's General Store.
 20750 | Orc:2    | Found a staircase to the Elven Halls.
 20785 | Orc:2    | Found Tyonuesch's General Store.
 20791 | Orc:2    | Found Qysseqag's Food Shop.
 21020 | Orc:1    | Reached XP level 15. HP: 82/84 MP: 21/24
 21235 | Spider:1 | Entered Level 1 of the Spider Nest
 21502 | Spider:1 | Reached skill level 16 in Polearms
 21669 | Spider:1 | Noticed Frances
 21705 | Spider:1 | Killed Frances
 21705 | Spider:1 | Received a gift from Okawaru
 21820 | Spider:1 | Identified the +3 rapier of Starshine {pierce, *Corrode
                  | Int+4 Stlth+} (Okawaru gifted it to you on level 1 of the
                  | Spider Nest)
 21877 | Spider:1 | Noticed Aizul
 21909 | Spider:1 | Killed Aizul
 22106 | Spider:1 | HP: 2/85 [wolf spider (3)]
 22106 | Spider:1 | Slain by a wolf spider

Levels and vault maps discovered:
D:1:      erik_arrival_triangle_medium, layout_basic
D:2:      layout_loops_ring, minmay_misc_feat_nine_boxes
D:3:      layout_basic, chequers_ecumenical_altar_grove,
          minmay_fractal_squares_5, uniq_jessica
D:4:      layout_loops_ring, first_ration, corexii_corridor_pit,
          kennysheep_pointless_box, chequers_big_river
D:5:      layout_basic, lemuel_crystal_altar, serial_shops, shop
D:6:      layout_basic, minmay_temple_entry_large_hall, serial_shops,
          nicolae_shop_stone
D:7:      layout_basic, lemuel_round_altar, hangedman_decor_slide_cut,
          uniq_pikel, uniq_joseph
D:8:      layout_loops_ring, marbit_many_paths, minitemple,
          gammafunk_ghost_necromancy
D:9:      layout_loops_corners, vehumet_altar_wand_db, dpeg_oklobed_lair,
          erik_orc_4, the_bakery, st_stairs_13, minmay_orc_keep
D:10:     layout_gridville, disabler_island
Lair:1:   layout_misc_corridors, lemuel_fruit_fields, serial_bayou_shore_b
Lair:2:   layout_long_grid, grunt_megastairs_4
Lair:3:   layout_misc_corridors, spider_nest_entry_a,
          nicolae_volcano_entry_two_sided, hellmonk_ghost_happy_afterlife
Lair:4:   layout_gridlike, elwin_shoals_entry_rocks, grunt_megastairs_3,
          serial_bayou_shore_a, lemuel_fruit_tree, uniq_nergalle
Lair:5:   layout_loops_ring, slime_altar_2, minmay_lair_drake_nest,
          minmay_lair_oklob_chamber
Lair:6:   evilmike_catoblepas_cave, layout_loops_ring
Shoals:1: layout_shoals
Spider:1: spiders_nest_scorpion_pit, uniq_aizul, uniq_frances, uniq_roxanne
Orc:1:    layout_caves
Orc:2:    st_orc_open, layout_caves, serial_shops, shop, uniq_rupert

Skill      XL: |  1  2  3  4  5  6  7  8  9 10 11 12 13 14 15 |
---------------+----------------------------------------------+-----
Fighting       | 2 3 4 5 7 8 9 10 11 12 | 12.4
Polearms       | 2 3 4 5 7 9 12 14 15 16 | 16.0
Hexes          | 1 2 3 |  3.3
Spellcasting   | 3 4 5 |  5.8
Charms         | 4 5 |  5.7
Necromancy     | 1 2 |  2.0
Shields        | 4 |  4.5
Armour         | 3 5 7 8 |  8.6
Invocations    | 3 4 5 |  5.2
Dodging        | |  1.5

Action                   |  1- 3 |  4- 6 |  7- 9 | 10-12 | 13-15 || total
-------------------------+-------+-------+-------+-------+-------++-------
Melee: Spear             |   119 |   177 |   305 |    98 |   197 ||   896
       Bite              |    24 |    44 |    94 |   124 |   213 ||   499
       Halberd           |       |       |    83 |   504 |   613 ||  1200
       Punch             |       |       |       |       |     2 ||     2
Throw: Stone             |    39 |    32 |    25 |   180 |    65 ||   341
       Boomerang         |       |    11 |    88 |     5 |    82 ||   186
       Dart              |       |       |     4 |     6 |    50 ||    60
 Cast: Infusion          |     8 |    11 |    19 |    29 |    16 ||    83
       Spectral Weapon   |       |       |     4 |     5 |     9 ||    18
       Song of Slaying   |       |       |     3 |     3 |     2 ||     8
       Shroud of Golubri |       |       |     1 |     2 |     1 ||     4
       Regeneration      |       |       |     1 |     2 |       ||     3
Invok: Heroism           |       |       |     2 |    18 |    38 ||    58
 Abil: Stop Flying       |       |       |       |     3 |       ||     3
       Evoke Flight      |       |       |       |     3 |       ||     3
Evoke: Wand              |       |       |     1 |     1 |     1 ||     3
  Use: Scroll            |       |     3 |       |    27 |    13 ||    43
       Potion            |       |       |       |     1 |     2 ||     3
 Stab: Sleeping          |       |     2 |     2 |       |       ||     4
       Distracted        |       |       |     1 |       |     4 ||     5
       Invisible         |       |       |     1 |     1 |       ||     2
       Petrified         |       |       |       |       |     2 ||     2
  Eat: Chunk             |     3 |     7 |    13 |    22 |    21 ||    66
       Ration            |       |       |     1 |     1 |       ||     2
Armor: Leather armour    |    29 |    40 |    63 |   125 |    53 ||   310
       Scale mail        |       |       |       |    10 |       ||    10
       Gold dragon scale |       |       |       |       |   612 ||   612
       Troll leather arm |       |       |       |       |     9 ||     9
Dodge: Dodged            |    59 |    82 |   196 |   305 |   273 ||   915
Block: Buckler           |       |       |       |    14 |       ||    14

Table legend:
 A = Non-vault XP
 B = Vault XP
 C = Vault XP percentage of total XP
 D = Non-vault monster count
 E = Vault monster count
 F = Vault count percentage of total count
                 A         B        C        D         E       F
            +---------+---------+-------+---------+---------+-------
      Total |   59236 |   46641 |  44.1 |     485 |     158 |  24.6
            +---------+---------+-------+---------+---------+-------
        D:1 |      47 |       0 |   0.0 |      25 |       0 |   0.0
        D:2 |      69 |       0 |   0.0 |      23 |       0 |   0.0
        D:3 |     192 |      90 |  31.9 |      32 |       9 |  22.0
        D:4 |     672 |       0 |   0.0 |      36 |       0 |   0.0
        D:5 |     640 |       0 |   0.0 |      31 |       0 |   0.0
        D:6 |    1039 |       0 |   0.0 |      21 |       0 |   0.0
        D:7 |    1272 |    1144 |  47.4 |      23 |       2 |   8.0
        D:8 |    1043 |       0 |   0.0 |      15 |       0 |   0.0
        D:9 |    2851 |    1095 |  27.7 |      31 |      31 |  50.0
       D:10 |    1565 |    1839 |  54.0 |      24 |       4 |  14.3
     Lair:1 |    3542 |     300 |   7.8 |      20 |       2 |   9.1
     Lair:2 |    2666 |       0 |   0.0 |      12 |       0 |   0.0
     Lair:3 |    6618 |     234 |   3.4 |      31 |       1 |   3.1
     Lair:4 |    3536 |    1329 |  27.3 |      21 |       3 |  12.5
     Lair:5 |    6766 |    2135 |  24.0 |      20 |       9 |  31.0
     Lair:6 |   11391 |   10526 |  48.0 |      41 |      22 |  34.9
   Spider:1 |    8385 |    7871 |  48.4 |      27 |      25 |  48.1
      Orc:1 |    5262 |   12049 |  69.6 |      34 |      30 |  46.9
      Orc:2 |    1680 |    6552 |  79.6 |      18 |       8 |  30.8
    Volcano |       0 |    1477 | 100.0 |       0 |      12 | 100.0
            +---------+---------+-------+---------+---------+-------
